General information
- name: BNet
- type: Ladder 1vs1/FFA
- host: Battle.net
- saver: ZombieMachoMan
map: TirisfalGlades
- players: 2
- length: 45:07
- speed: Fast
- version: 1.26 W3XP
- replay type: Public
» download(132 KB)
Players
team 1 (winner)
ZombieMachoMan (
teal | 67 APM | 3002 actions | 45:07)
7 Goblin Tinker
3 Pocket Factory
3 Engineering Upgrade
1 Robo-Goblin
» actions
| Assign group hotkey | 37 | |
| Basic commands | 209 | |
| Build / train | 122 | |
| ESC pressed | 7 | |
| Enter build submenu | 70 | |
| Enter hero's abilities submenu | 8 | |
| Give item / drop item | 10 | |
| Right click | 1368 | |
| Select / deselect | 671 | |
| Select group hotkey | 250 | |
| Use ability | 250 | |
3002 total
» units
| Peon | 37 | |
| Grunt | 8 | |
| Troll Headhunter/Berserker | 8 | |
| Demolisher | 2 | |
| Troll Witch Doctor | 3 | |
| Spirit Walker | 2 | |
60 total
» upgrades
| Armor | 1 | |
| Troll Regeneration | 1 | |
| Witch Doctor Training | 2 | |
| Berserker Upgrade | 1 | |
| Burning Oil | 1 | |
| Spirit Walker Training | 2 | |
| Envenomed Spears | 1 | |
9 total
» buildings
| Barracks | 3 | |
| Orc Burrow | 25 | |
| Altar of Storms | 1 | |
| War Mill | 2 | |
| Voodoo Lounge | 2 | |
| Great Hall | 2 | |
| Watch Tower | 35 | |
| Stronghold | 5 | |
| Spirit Lodge | 1 | |
| Fortress | 1 | |
| Beastiary | 3 | |
80 total
» build order
00:05 Barracks
00:20 Orc Burrow
00:56 Altar of Storms
01:55 Orc Burrow
02:57 War Mill
03:35 Voodoo Lounge
05:27 Great Hall
05:57 Watch Tower
05:57 Watch Tower
06:01 Watch Tower
06:05 Watch Tower
07:08 Watch Tower
07:22 Watch Tower
07:25 Orc Burrow
07:29 Watch Tower
08:07 Stronghold
08:13 Stronghold
08:13 Stronghold
08:14 Stronghold
08:22 Watch Tower
09:11 Watch Tower
10:10 Barracks
10:11 Watch Tower
10:15 Orc Burrow
10:18 Watch Tower
10:44 Spirit Lodge
11:00 Barracks
13:06 Watch Tower
13:06 Watch Tower
13:09 Watch Tower
13:58 Watch Tower
13:59 Watch Tower
14:48 Fortress
14:54 Voodoo Lounge
15:16 Watch Tower
15:17 Watch Tower
15:17 Watch Tower
15:18 Watch Tower
15:19 Watch Tower
15:19 Watch Tower
16:59 Watch Tower
17:00 Watch Tower
18:06 Orc Burrow
18:39 Beastiary
22:55 Beastiary
22:56 Beastiary
24:11 Orc Burrow
24:14 Orc Burrow
30:41 Watch Tower
30:42 Watch Tower
30:43 Watch Tower
30:54 Watch Tower
30:54 Watch Tower
30:57 Watch Tower
30:58 Watch Tower
30:59 Watch Tower
31:05 Watch Tower
31:06 Watch Tower
31:06 Watch Tower
37:49 Great Hall
43:09 Orc Burrow
43:10 Orc Burrow
43:13 Orc Burrow
43:17 Orc Burrow
43:20 Orc Burrow
43:22 Orc Burrow
43:25 Orc Burrow
43:26 Orc Burrow
43:36 War Mill
44:33 Orc Burrow
44:34 Orc Burrow
44:35 Orc Burrow
44:37 Orc Burrow
44:41 Orc Burrow
44:43 Orc Burrow
44:46 Orc Burrow
44:47 Orc Burrow
44:49 Orc Burrow
44:50 Orc Burrow
» items
| Dust of Appearance | 1 | |
| Lesser Clarity Potion | 14 | |
| Healing Salve | 7 | |
| Scroll of Speed | 3 | |
| Potion of Mana | 2 | |
| Scroll of Town Portal | 4 | |
| Potion of Healing | 3 | |
| Orb of Lightning | 1 | |
| Potion of Invisibility | 3 | |
| Staff of Teleportation | 1 | |
39 total
team 2 (loser)
Mr_Sophistry (
orange | 51 APM | 2280 actions | 45:06)
4 Shadow Hunter
2 Hex
2 Serpent Ward
2 Tauren Chieftain
1 Shockwave
1 Endurance Aura
1 Far Seer
1 Chain Lighting
» actions
| Assign group hotkey | 37 | |
| Basic commands | 76 | |
| Build / train | 76 | |
| ESC pressed | 3 | |
| Enter build submenu | 31 | |
| Enter hero's abilities submenu | 7 | |
| Give item / drop item | 4 | |
| Remove unit from queue | 1 | |
| Right click | 1030 | |
| Select / deselect | 439 | |
| Select group hotkey | 442 | |
| Use ability | 134 | |
2280 total
» units
| Peon | 12 | |
| Grunt | 5 | |
| Troll Headhunter/Berserker | 7 | |
| Raider | 4 | |
| Kodo Beast | 1 | |
| Demolisher | 2 | |
| Troll Witch Doctor | 4 | |
35 total
» upgrades
| Armor | 3 | |
| Berserker Strength | 1 | |
| Ensnare | 1 | |
| Witch Doctor Training | 2 | |
| War Drums Damage Increase | 2 | |
| Burning Oil | 1 | |
| Berserker Upgrade | 1 | |
| Ranged Weapons | 2 | |
| Troll Regeneration | 1 | |
14 total
» buildings
| Barracks | 1 | |
| Orc Burrow | 9 | |
| Altar of Storms | 1 | |
| Voodoo Lounge | 1 | |
| War Mill | 1 | |
| Stronghold | 1 | |
| Watch Tower | 11 | |
| Fortress | 1 | |
| Beastiary | 1 | |
| Spirit Lodge | 1 | |
| Tauren Totem | 1 | |
29 total
» build order
00:40 Barracks
00:44 Orc Burrow
00:54 Altar of Storms
01:42 Voodoo Lounge
02:02 Orc Burrow
02:30 War Mill
02:54 Orc Burrow
05:17 Stronghold
06:13 Watch Tower
06:16 Watch Tower
06:24 Watch Tower
08:23 Fortress
08:27 Beastiary
08:55 Orc Burrow
09:47 Spirit Lodge
10:30 Orc Burrow
11:27 Watch Tower
17:02 Tauren Totem
19:20 Watch Tower
19:22 Watch Tower
20:03 Orc Burrow
20:30 Watch Tower
20:34 Watch Tower
22:22 Orc Burrow
22:54 Orc Burrow
22:55 Orc Burrow
25:51 Watch Tower
27:15 Watch Tower
28:43 Watch Tower
» items
| Healing Salve | 7 | |
| Lesser Clarity Potion | 4 | |
| Scroll of Speed | 1 | |
| Tiny Great Hall | 1 | |
13 total
Chat log
(00:09 / All) Mr_Sophistry: hi
(00:29 / All) Mr_Sophistry: GL to you
(00:35 / All) ZombieMachoMan: ??
(00:59 / All) Mr_Sophistry: GL = good luck
(01:01 / All) ZombieMachoMan: ?
(01:25 / All) Mr_Sophistry: do u understand english?
(01:32 / All) ZombieMachoMan: inglisch no
(08:29 / All) Mr_Sophistry: cute trick
(08:32 / All) ZombieMachoMan: ?
(08:48 / All) Mr_Sophistry: u are hopeless...
(08:58 / All) ZombieMachoMan: englisch not
(14:32 / All) Mr_Sophistry: how dull
(25:17 / All) Mr_Sophistry: how long does it take you to make an army with 3 gold mines?
(25:23 / All) ZombieMachoMan: ?
(25:31 / All) Mr_Sophistry: thast right i forgot
(26:51 / All) Mr_Sophistry: lol
(27:41 / All) Mr_Sophistry: end it already...
(27:47 / All) ZombieMachoMan: no understand
(27:54 / All) Mr_Sophistry: of course not
(27:55 / All) ZombieMachoMan: leave noob is what mean
(28:10 / All) Mr_Sophistry: i need the micro practice stop being a bitc h and just end it
(28:30 / All) ZombieMachoMan: ?
(29:39 / All) Mr_Sophistry: come on already
(29:47 / All) ZombieMachoMan: is leaving time when now is
(29:53 / All) Mr_Sophistry: no
(29:58 / All) ZombieMachoMan: ?
(30:07 / All) Mr_Sophistry: i need the micro practice,
(30:12 / All) Mr_Sophistry: jsut attack me already
(30:13 / All) ZombieMachoMan: micro?
(35:08 / All) ZombieMachoMan: are leaving now is?
(35:09 / All) Mr_Sophistry: pussiest strat i have ever seen
(35:14 / All) Mr_Sophistry: no you have to finish me
(35:20 / All) ZombieMachoMan: no understand
(35:20 / All) Mr_Sophistry: i asked you to push
(35:25 / All) Mr_Sophistry: but you couldnt
(35:27 / All) Mr_Sophistry: so
(45:00 / All) Mr_Sophistry: i was in the bathroom, taking a you.. i cant believe this